 Dungeon Crawl Stone Soup version 0.21-a0-402-gcbae7d1 (webtiles) character file.

226 Horrz the Slasher (level 6, -1/51 HPs)
             Began as a Barachi Fighter on Oct 24, 2017.
             Slain by Pikel
             ... wielding a +2 whip of freezing
              (4 damage)
             ... on level 4 of the Dungeon on Oct 26, 2017.
             The game lasted 00:16:12 (2928 turns).

Horrz the Slasher (Barachi Fighter)                 Turns: 2928, Time: 00:16:13

Health: -1/51      AC: 10    Str: 17    XL:     6   Next: 1%
Magic:  6/6        EV:  9    Int:  8    God:
Gold:   130        SH: 13    Dex: 14    Spells: 5/5 levels left

rFire    + . .     SeeInvis .   a - +0 long sword
rCold    . . .     Gourm    .   c - +0 shield
rNeg     . . .     Faith    .   m - +3 leather armour
rPois    +         Spirit   .   (no helmet)
rElec    .         Reflect  .   o - +2 cloak
rCorr    .         Harm     .   t - +0 pair of gloves
MR       .....                  (no boots)
Stlth    +.........             (no amulet)
HPRegen  0.17/turn              s - ring of poison resistance
MPRegen  0.10/turn              (no ring)

@: slow
A: +LOS, swims, large bone plates 1, fire resistance 1, screaming 1, slowness 1,
strong legs 1
a: Hop


You were on level 4 of the Dungeon.
You were not hungry.

You visited 1 branch of the dungeon, and saw 4 of its levels.

You collected 130 gold pieces.

Inventory:

Hand Weapons
 a - a +0 long sword (weapon)
Armour
 b - a +0 scale mail
 c - a +0 shield (worn)
 m - a +3 leather armour (worn)
 o - a +2 cloak (worn)
 t - a +0 pair of gloves (worn)
Jewellery
 s - a ring of poison resistance (left hand)
Scrolls
 e - a scroll of enchant weapon {unknown}
 j - 6 scrolls of remove curse {unknown}
 l - 2 scrolls of teleportation {unknown}
 n - 5 scrolls of identify {unknown}
 p - a scroll of recharging {unknown}
 u - a scroll of magic mapping {unknown}
 v - a scroll of random uselessness {unknown}
Potions
 d - 2 potions of might
 i - a potion of resistance {unknown}
 k - 2 potions of mutation
 q - a potion of lignification {unknown}
 r - a potion of invisibility {unknown}
 x - 2 potions of cancellation {unknown}
 z - a potion of flight {unknown}
Books
 w - Sif Muna's Compendium of the Mountains
   (You found it on level 3 of the Dungeon)

   Spells                             Type                      Level
   a - Sandblast                      Earth                        1
Comestibles
 f - 4 bread rations
 g - a royal jelly
 h - a meat ration
 A - 4 chunks of flesh


   Skills:
 + Level 5.2 Fighting
 * Level 5.9 Long Blades
 + Level 3.9 Armour
 + Level 0.9 Dodging
 - Level 3.2 Shields


You had 5 spell levels left.
You didn't know any spells.

Dungeon Overview and Level Annotations

Branches:
Dungeon (4/15)
 Temple: D:4-7

Altars:
Sif Muna

Annotations:
D:4 Pikel


Innate Abilities, Weirdness & Mutations

Shadows flee at your approach. (+LOS)
You can swim through water.
You cover ground slowly.
You can hop short distances.
You are partially covered in large bone plates. (SH +4)
Your flesh is heat resistant. (rF+)
You occasionally shout uncontrollably at your foes.


Message History

It was a potion of mutation.
You feel extremely strange.
You feel the urge to shout.
You feel resistant to heat.
Large bone plates grow over parts of your arms.
Pikel says, "You'll fetch a fair price!"
You block Pikel's attack. x2
Okay, then.
The slave shouts!
You slash Pikel!
Pikel is severely wounded.
Pikel completely misses you.
You slash Pikel!
Pikel is severely wounded.
Pikel misses you. Pikel hits you with a whip of freezing.
* * * LOW HITPOINT WARNING * * *
Pikel freezes you.
* * * LOW HITPOINT WARNING * * *
You hit Pikel but do no damage.
Pikel is severely wounded.
You block Pikel's attack. Pikel hits you with a whip of freezing.
You die...

....... ...... ...?p
.... p.. .p #. #####
....###p#######...#
......ppK@........#
.##....########...#
#.## ##..## .##
#..#######
.....####.###....#
#. #.............#
#.## #####÷.###<...#
#....###...####....#
#...#÷###.......#


You could see Pikel and 3 slaves.

Vanquished Creatures
  A centaur skeleton (D:3)
  2 orc wizards (D:3)
  A worker ant (D:3)
  5 adders
  3 oozes (D:2)
  A worm (D:2)
  2 dart slugs
  2 leopard geckos (D:1)
  An orc (D:3)
  2 giant cockroaches
  6 goblins
  10 hobgoblins
  6 jackals
  20 bats
  6 frilled lizards
  7 kobolds
  6 rats
81 creatures vanquished.

Notes
Turn   | Place    | Note
-------+----------+-------------------------------------------
     0 | D:1      | Horrz the Barachi Fighter began the quest for the Orb.
     0 | D:1      | Reached XP level 1. HP: 18/18 MP: 1/1
   184 | D:1      | Reached XP level 2. HP: 21/25 MP: 2/2
   433 | D:1      | Upgraded the game from 0.21-a0-401-g0b6bec4 to 0.21-a0-402-gcbae7d1
   549 | D:1      | Reached XP level 3. HP: 30/30 MP: 3/3
  1024 | D:2      | Reached XP level 4. HP: 38/38 MP: 4/4
  1339 | D:2      | Reached skill level 5 in Long Blades
  1605 | D:3      | Found a deep blue altar of Sif Muna.
  1682 | D:3      | Reached XP level 5. HP: 43/43 MP: 5/5
  1755 | D:3      | Reached skill level 5 in Fighting
  2180 | D:3      | Identified Sif Muna's Compendium of the Mountains
  2515 | D:4      | Noticed an ogre
  2517 | D:4      | Noticed an ogre
  2539 | D:3      | HP: 2/44 [ogre/giant club (16)]
  2851 | D:4      | Reached XP level 6. HP: 51/51 MP: 6/6
  2908 | D:4      | Noticed Pikel
  2908 | D:4      | Noticed a slave
  2908 | D:4      | Noticed a slave
  2908 | D:4      | Noticed a slave
  2909 | D:4      | Noticed a slave
  2925 | D:4      | Gained mutation: You occasionally shout uncontrollably at your foes. [potion of mutation]
  2925 | D:4      | Gained mutation: Your flesh is heat resistant. (rF+) [potion of mutation]
  2925 | D:4      | Gained mutation: You are partially covered in large bone plates. (SH +4) [potion of mutation]
  2928 | D:4      | Slain by Pikel

Vault maps used:
D:1:      dpeg_arrival_water_fire, minmay_circled_x
D:2:      first_bread, grunt_ministairs_3
D:3:      led_sif_book
D:4:      portal_sewer_entry_e, uniq_pikel, uniq_natasha

Skill      XL: |  1  2  3  4  5 |
---------------+----------------+-----
Long Blades    | 3 4 5 |  5.9
Fighting       | 4 5 |  5.2
Armour         | |  3.9
Dodging        | |  0.9
Shields        | |  3.2

Action                   |  1- 3 |  4- 6 || total
-------------------------+-------+-------++-------
Melee: Long sword        |   110 |   191 ||   301
 Abil: Hop               |       |     2 ||     2
  Use: Potion            |       |     1 ||     1
  Eat: Chunk             |     1 |     7 ||     8
Armor: Scale mail        |    34 |       ||    34
       Leather armour    |    36 |    77 ||   113
Dodge: Dodged            |    48 |    70 ||   118
Block: Shield            |    70 |    89 ||   159
       Rpst.: Long sword |    21 |    22 ||    43

Table legend:
 A = Spawn XP
 B = Non-spawn XP
 C = Spawn XP percentage of total XP
 D = Spawn monster count
 E = Non-spawn monster count
 F = Spawn count percentage of total count
 G = Total turns spent on level
                    A         B        C        D         E        F      G
               +---------+---------+-------+---------+---------+-------+---------
         Total |       0 |     323 |   0.0 |       0 |      81 |   0.0 |  2928
               +---------+---------+-------+---------+---------+-------+---------
           D:1 |       0 |      34 |   0.0 |       0 |      18 |   0.0 |   784
           D:2 |       0 |     117 |   0.0 |       0 |      33 |   0.0 |   637
           D:3 |       0 |     151 |   0.0 |       0 |      25 |   0.0 |  1091
           D:4 |       0 |      21 |   0.0 |       0 |       5 |   0.0 |   416
               +---------+---------+-------+---------+---------+-------+---------
